 Dungeon Crawl Stone Soup version 0.18.1-6-gd335043 (webtiles) character file.

42 Gorice the Slasher (level 3, -5/27 HPs)
             Began as a Human Skald on May 19, 2016.
             Killed from afar by Ijyb (8 damage)
             ... with a wand of flame
             ... on level 2 of the Dungeon.
             The game lasted 00:03:37 (1148 turns).

Gorice the Slasher (Human Skald)                    Turns: 1148, Time: 00:03:38

Health: -5/27      AC:  7    Str: 13    XL:     3   Next: 77%
Magic:  6/6        EV: 11    Int: 12    God:
Gold:   33         SH:  0    Dex: 12    Spells: 1 memorised, 5 levels left

rFire  . . .     SeeInvis .     a - +0 falchion
rCold  . . .     Gourm    .     b - +1 leather armour
rNeg   . . .     Faith    .     (no shield)
rPois  .         Spirit   .     (no helmet)
rElec  .         Dismiss  .     (no cloak)
rCorr  .         Reflect  .     (no gloves)
SustAt .         Harm     .     f - +2 pair of boots
MR     .....                    (no amulet)
Stlth  +.........               (no ring)
                                (no ring)

@: very slightly contaminated, hasted, very quick, not resistant to hostile
enchantments, very unstealthy
A: no striking features
a: no special abilities


You were on level 2 of the Dungeon.
You were not hungry.

You visited 1 branch of the dungeon, and saw 2 of its levels.

You collected 33 gold pieces.

Inventory:

Hand Weapons
 a - a +0 falchion (weapon)
Missiles
 k - 11 bolts
 Z - 80 stones (quivered)
Armour
 b - a +1 leather armour (worn)
 f - a +2 pair of boots (worn)
Scrolls
 e - a scroll of enchant armour
 h - a scroll of remove curse
Books
 c - a book of Battle
Comestibles
 d - a bread ration {!e}
 g - a slice of pizza
 i - a beef jerky


   Skills:
 - Level 2.0 Fighting
 * Level 3.8 Long Blades
 - Level 1.0 Armour
 - Level 1.0 Dodging
 - Level 2.0 Spellcasting
 - Level 3.0 Charms


You had 5 spell levels left.
You knew the following spells:

 Your Spells              Type           Power        Failure   Level  Hunger
a - Infusion              Chrm           #...         12%         1    ##.....


Dungeon Overview and Level Annotations

Branches:
Dungeon (2/15)

Altars:

Annotations:
D:2 Ijyb


Message History

Damage: 1 (max 1) Ijyb zaps a wand.
The puff of flame hits you!
* * * LOW HITPOINT WARNING * * *
Damage: 4 (max 4) Ijyb screams, "I no like you!"
Unknown command.
Ijyb barely misses you.
You barely miss Ijyb. Ijyb misses you.
Drink which item? (? for menu, Esc to quit)
It was a potion of haste.
You feel yourself speed up. Ijyb hits you.
* * * LOW HITPOINT WARNING * * *
You are very lightly contaminated with residual magic.
Damage: 2 (max 4)
You hit Ijyb.
Ijyb is lightly wounded.
You closely miss Ijyb.
Ijyb is lightly wounded.
Ijyb misses you.
You hit Ijyb.
Ijyb is lightly wounded.
Ijyb hits you but does no damage.
You hit Ijyb.
Ijyb is moderately wounded.
Ijyb closely misses you.
You hit Ijyb but do no damage.
Ijyb is moderately wounded.
You closely miss Ijyb.
Ijyb is moderately wounded.
Ijyb zaps a wand.
The puff of flame misses you.
You closely miss Ijyb.
Ijyb is moderately wounded.
Ijyb closely misses you.
You hit Ijyb.
Ijyb is moderately wounded.
Ijyb zaps a wand.
The puff of flame hits you!
* * * LOW HITPOINT WARNING * * *
Damage: 9 (max 9)
You hit Ijyb.
Ijyb is heavily wounded.
You closely miss Ijyb.
Ijyb is heavily wounded.
Ijyb hits you but does no damage.
You hit Ijyb but do no damage.
Ijyb is heavily wounded.
Ijyb misses you.
You hit Ijyb.
Ijyb is severely wounded.
Ijyb screams, "I cut your head off!"
Ijyb zaps a wand.
The puff of flame hits you!
You die...

#...##.######## # #..............
# #....#.######## # #....#.......#
# #....#.#####.# # #....#.....#.#
# ######....#.###.#.# # ###
#......g..#.# #.#.# # ..#
#.####@...#.# #.#.# # #.# #.#
#.##.#.# #.#.# # #.# #.# #.#..#.#
#.#.# # #.# #.# #.#..#.###.#.# #
#.# #.# #.#........#.# # #.# #.#
#.##########.# # #.# #.#
#............# #
#.#########.#####################
#..........................รท.....


You could see Ijyb.

Vanquished Creatures
  2 adders (D:2)
  A giant gecko (D:1)
  A ball python (D:1)
  3 bats (D:1)
  5 goblins (D:1)
  2 hobgoblins (D:2)
  A kobold (D:1)
  2 giant newts (D:1)
  4 rats
21 creatures vanquished.

Notes
Turn   | Place    | Note
--------------------------------------------------------------
     0 | D:1      | Gorice the Human Skald began the quest for the Orb.
     0 | D:1      | Reached XP level 1. HP: 16/16 MP: 3/3
   215 | D:1      | Reached XP level 2. HP: 22/22 MP: 5/5
   415 | D:1      | Reached skill level 3 in Long Blades
   808 | D:2      | Reached XP level 3. HP: 27/27 MP: 6/6
   868 | D:2      | Noticed Ijyb
  1144 | D:2      | HP: 2/27 [Ijyb/wand of flame (9)]
  1148 | D:2      | Killed from afar by Ijyb

Skill      XL: |  1  2 |
---------------+-------+-----
Long Blades    | 3 |  3.8
Fighting       | |  2.0
Armour         | |  1.0
Dodging        | |  1.0
Spellcasting   | |  2.0
Charms         | |  3.0

Action                   || total
-------------------------++-------
Melee: Falchion          ||    80
Throw: Stone             ||    40
  Use: Scroll            ||     2
       Potion            ||     1
  Eat: Chunk             ||     1
Armor: Leather armour    ||    30
Dodge: Dodged            ||    48

Table legend:
 A = Turns spent in this place as a percentage of turns spent in the entire game.
 B = Non-inter-level travel turns spent in this place as a percentage of non-inter-level travel turns spent in the entire game.
 C = Inter-level travel turns spent in this place as a percentage of turns spent in this place.
 D = Turns resting spent in this place as a percentage of non-inter-level travel turns spent in this place.
 E = Turns spent auto-exploring this place as a percentage of non-inter-level travel turns spent in this place.
 F = Non-inter-level travel turns spent in this place divided by the number of levels of this place that you've seen.
                   A       B       C       D       E      F
               +-------+-------+-------+-------+-------+----------------------
         Total | 100.0 | 100.0 |   0.5 |   0.9 |   6.4 | 211.0
       Dungeon | 100.0 | 100.0 |   0.5 |   0.9 |   6.4 | 211.0
               +-------+-------+-------+-------+-------+----------------------

Vault maps used:
D:1:      zaba_arrival_water
D:2:      fedhas_altar_3, marbit_many_paths, uniq_iyjb
